AoeStats
← dashuaibi

Arena

510062924Analyzed
4v4 RM · 2d ago on Sep 29, 2026· 9m 12s· 8 players
Game mode
Random Map
Map size
Large (8 player)
Population
200
Speed
Normal
Resources
Standard
Victory
Conquest
Starting age
Dark Age
Ending age
Imperial Age
RankedLock teamsTeams togetherTeam positionsShared explorationLock speedFull tech treeHidden civsTurbo modeCheats
Victory
Defeat
🇫🇷 Goths · France
1480
+10
🇩🇪 Khmer · Germany
1458
+11
🇧🇷 Gurjaras · Brazil
1381
+14
🇦🇷 Sicilians · Argentina
1374
+15
🇯🇵 Bohemians · Japan
1411
-14
🇨🇳 Poles · China
1379
-14
🇨🇳 Cumans · China
1308
-11
🇨🇳 Khmer · China
1297
-11
dashuaibi
8:24 Loom
10:09 Feudal Age
Nekomi
仙逆许木
8:29 Feudal Age
9:13 Double-Bit Axe
我的农田我的矿
JoPo21
11:19 Feudal Age
PedrodeMatos
9:47 Feudal Age
TVHG.Vladdd
BIC
2:12 Loom
10:34 Feudal Age
Connection lost

Rejoining the realm…

Still unreachable

The connection could not be restored.

Session expired

The server has moved on; the page needs a fresh start.